AoeStats
← E-d-d-i-e91G

Black Forest

507914090Analyzed
2v2 RM · 14d ago on Sep 20, 2026· 138m 26s· 4 players
Game mode
Random Map
Map size
Medium (4 player)
Population
200
Speed
Normal
Resources
Standard
Victory
Conquest
Starting age
Dark Age
Ending age
Imperial Age
RankedLock teamsTeams togetherTeam positionsShared explorationLock speedFull tech treeHidden civsTurbo modeCheats
Victory
Defeat
🇨🇳 Bohemians · China
493
+13
🇨🇳 Persians · China
418
+15
🇦🇺 Celts · Australia
416
-14
🇦🇺 Spanish · Australia
408
-14
E-d-d-i-e91G
7:37 Loom
13:03 Feudal Age
14:25 Wheelbarrow
13:37 Town Watch
16:31 Fletching
17:11 Double-Bit Axe
18:15 Horse Collar
26:08 Castle Age
25:17 Man-at-Arms
26:05 Padded Archer Armor
26:09 Scale Mail Armor
26:20 Forging
26:17 Scale Barding Armor
27:00 Squires
27:20 Hand Cart
28:25 Bow Saw
28:20 Heavy Plow
28:19 Gold Mining
27:55 Long Swordsman
28:37 Arson
29:31 Leather Archer Armor
30:24 Stone Mining
33:52 Town Patrol
38:39 Imperial Age
37:54 Caravan
38:25 Coinage
40:20 Thumb Ring
42:46 Stone Shaft Mining
43:25 Two-Man Saw
43:35 Bloodlines
43:28 Husbandry
43:03 Cavalier
44:56 Block Printing
46:04 Bodkin Arrow
46:31 Chain Barding Armor
46:44 Ring Archer Armor
46:51 Iron Casting
46:33 Chain Mail Armor
48:03 Banking
47:45 Guilds
48:31 Paladin
49:49 Capped Ram
53:24 Chemistry
52:50 Ballistics
52:21 Arrowslits
56:55 Bombard Tower
56:29 Guard Tower
56:43 Murder Holes
57:06 Masonry
57:09 Fortified Wall
57:41 Illumination
62:53 Keep
62:52 Architecture
66:02 Elite Conquistador
69:19 Hoardings
83:45 Supremacy
94:31 Siege Ram
94:57 Sappers
IAMASTROMAN9714
17:59 Feudal Age
19:31 Double-Bit Axe
20:25 Wheelbarrow
19:35 Horse Collar
19:24 Man-at-Arms
24:39 Gold Mining
29:54 Castle Age
28:11 Forging
28:03 Scale Mail Armor
28:21 Scale Barding Armor
31:34 Bow Saw
31:39 Stone Mining
32:31 Gold Shaft Mining
33:06 Iron Casting
32:38 Husbandry
34:24 Caravan
34:32 Heavy Plow
36:07 Hand Cart
35:38 Loom
36:02 Long Swordsman
36:28 Gambesons
43:10 Imperial Age
40:52 Stronghold
48:04 Cavalier
51:13 Elite Woad Raider
54:28 Pikeman
58:18 Halberdier
58:47 Halberdier
62:11 Two-Handed Swordsman
79:42 Light Cavalry
92:40 Heavy Scorpion
93:51 Champion
Alkaid
0:39 Loom
12:03 Feudal Age
16:25 Castle Age
14:45 Double-Bit Axe
15:27 Horse Collar
20:37 Bow Saw
21:13 Heavy Plow
25:13 Fervor
25:59 Wheelbarrow
25:10 Town Watch
26:06 Fortified Wall
27:22 Hand Cart
28:19 Town Patrol
28:42 Sanctity
31:24 Chemistry
33:06 Imperial Age
30:58 Fletching
31:09 Padded Archer Armor
32:14 Bodkin Arrow
32:35 Leather Archer Armor
32:03 Treadmill Crane
32:34 Masonry
32:46 Caravan
34:09 Ballistics
33:44 Murder Holes
35:09 Two-Man Saw
34:33 Guilds
34:55 Coinage
34:04 Houfnice
35:43 Siege Engineers
36:08 Architecture
36:46 Bracer
37:16 Ring Archer Armor
36:58 Forging
36:48 Scale Mail Armor
37:11 Bombard Tower
37:25 Banking
38:10 Conscription
38:57 Wagenburg Tactics
40:01 Elite Hussite Wagon
41:20 Iron Casting
41:00 Chain Mail Armor
40:09 Pikeman
40:49 Squires
40:35 Arson
40:13 Elite Skirmisher
41:55 Hussite Reforms
41:21 Sappers
42:21 Herbal Medicine
42:29 Devotion
42:46 Block Printing
42:44 Redemption
45:06 Husbandry
46:11 Blast Furnace
45:41 Plate Mail Armor
45:16 Scale Barding Armor
44:34 Halberdier
44:35 Man-at-Arms
45:40 Crossbowman
45:55 Onager
45:58 Capped Ram
51:49 Atonement
52:15 Illumination
52:25 Theocracy
56:20 Chain Barding Armor
69:21 Light Cavalry
69:24 Cavalier
69:26 Arbalester
69:29 Long Swordsman
75:06 Heavy Scorpion
87:07 Faith
87:07 Heresy
86:41 Guard Tower
86:36 Arrowslits
86:57 Siphons
87:03 Clinker Construction
87:03 Careening
86:20 Two-Handed Swordsman
98:37 Keep
98:12 Incendiaries
97:25 Champion
99:12 Fishing Lines
99:43 Medium Warships
104:04 Elite Cannon Galleon
104:04 Demolition Ship
104:36 Gillnets
105:11 Heavy Warships
104:22 Spies/Treason
佑天寺喵梦
1:17 Loom
12:56 Feudal Age
15:34 Wheelbarrow
20:19 Double-Bit Axe
20:18 Horse Collar
28:40 Castle Age
27:52 Gold Mining
27:53 Stone Mining
28:10 Stone Mining
30:28 Hand Cart
31:39 Bow Saw
32:09 Gold Shaft Mining
32:28 Stone Shaft Mining
33:44 Forging
35:08 Town Watch
35:14 Town Watch
36:09 Iron Casting
38:23 Caravan
43:03 Imperial Age
40:58 Scale Barding Armor
42:50 Chain Barding Armor
44:31 Blast Furnace
44:07 Plate Barding Armor
43:42 Devotion
44:37 Elite War Elephant
46:53 Two-Man Saw
50:21 Bloodlines
50:14 Husbandry
53:30 Fletching
53:41 Padded Archer Armor
56:18 Citadels
56:49 Hoardings
57:22 Bodkin Arrow
63:18 Ballistics
64:02 Chemistry
68:08 Faith
70:16 Coinage
69:59 Guilds
71:07 Masonry
70:57 Murder Holes
71:22 Heavy Plow
76:03 Architecture
80:24 Guard Tower
82:54 Crop Rotation
88:05 Light Cavalry
92:34 Banking
92:46 Arson
92:48 Gambesons
92:26 Man-at-Arms
93:10 Squires
96:02 Hussar
99:24 Scale Mail Armor
99:43 Leather Archer Armor
98:54 Long Swordsman
98:54 Pikeman
109:19 Spies/Treason
112:10 Cavalier
113:38 Savar
115:50 Halberdier
116:54 Chain Mail Armor
117:09 Ring Archer Armor
136:18 Plate Mail Armor
138:09 Block Printing
138:13 Fervor
138:42 Theocracy
138:04 Herbal Medicine
Connection lost

Rejoining the realm…

Still unreachable

The connection could not be restored.

Session expired

The server has moved on; the page needs a fresh start.